 Dungeon Crawl Stone Soup version 0.17.1-3-g152610e (webtiles) character file.

2184 Jerry the Insei (level 9, 0/56 HPs)
             Began as an Octopode Monk on Mar 8, 2016.
             Was a Priest of Cheibriados.
             Killed by nerve-wracking pain
             ... invoked by an orc priest
              (13 damage)
             ... on level 7 of the Dungeon.
             The game lasted 00:31:47 (6110 turns).

Jerry the Insei (Octopode Monk)                     Turns: 6110, Time: 00:31:47

Health: 0/56       AC:  1    Str: 18    XL:     9   Next: 33%
Magic:  7/11       EV: 19    Int: 21    God:    Cheibriados [***...]
Gold:   280        SH:  7    Dex: 22    Spells: 0 memorised, 8 levels left

rFire  . . .     SeeInvis .       - Unarmed
rCold  . . .     Clarity  .     r - +0 buckler
rNeg   . . .     SustAt   .     (helmet restricted)
rPois  .         Gourm    .     (no amulet)
rElec  .         Spirit   .     h - ring of stealth
rCorr  .         Warding  .     k - ring of wizardry
rMut   .         Stasis   .     (no ring)
MR     .....                    (no ring)
Stlth  +++++.....               (no ring)
                                (no ring)
                                (no ring)
                                (no ring)

@: very slow, not resistant to hostile enchantments, quite stealthy
A: almost no armour, amphibious, 8 rings, constrict 8, camouflage 1, gelatinous
body 1
a: Bend Time, Temporal Distortion, Renounce Religion


You were on level 7 of the Dungeon.
You worshipped Cheibriados.
Cheibriados was most pleased with you.
You were not hungry.

You visited 2 branches of the dungeon, and saw 8 of its levels.

You collected 280 gold pieces.

Inventory:

Armour
 o - a +1 shield
 r - a +0 buckler (worn)
Jewellery
 g - an uncursed ring of flight
 h - a ring of stealth (left tentacle)
 k - a ring of wizardry (right tentacle)
Wands
 s - a wand of teleportation (5)
 w - a wand of cold (14)
Scrolls
 i - 4 scrolls of identify
 v - a scroll of enchant armour
 y - a scroll of remove curse
Potions
 b - a potion of lignification
 c - a potion of cure mutation {unknown}
 e - 3 potions of brilliance
 l - 3 potions of curing
 m - 2 potions of degeneration {unknown}
 n - a potion of might
 p - a potion of agility
 q - a potion of flight {unknown}
 x - a potion of cancellation {unknown}
Comestibles
 a - 3 bread rations
 d - 2 royal jellies
 f - 4 chunks of flesh
 j - 2 beef jerkies
 t - a meat ration


   Skills:
 - Level 3.0 Fighting
 + Level 7.3 Dodging
 - Level 4.2 Stealth
 + Level 6.2 Shields
 + Level 7.8 Unarmed Combat
 - Level 3.2 Invocations


You had 8 spell levels left.
You didn't know any spells.

Dungeon Overview and Level Annotations

Branches:
Dungeon (7/15)             Temple (1/1) D:4

Altars:
Ashenzari
Cheibriados
Dithmenos
Elyvilon
Gozag
Kikubaaqudgha
Makhleb
Nemelex Xobeh
Qazlal
Ru
Vehumet
Yredelemnul
Zin
The Shining One

Shops:
D:6 %

Annotations:
D:2 Sigmund


Innate Abilities, Weirdness & Mutations

You cannot wear most types of armour.
You are amphibious.
You can wear up to eight rings at the same time.
You can use your tentacles to constrict eight enemies at once.
Your skin changes colour to match your surroundings (Stealth).
Your rubbery body absorbs attacks (AC +1).


Message History

The orc is severely wounded.
The orc closely misses you. The orc barely misses you.
You block the orc priest's attack.
You tentacle-slap the orc. You grab the orc. You squeeze the orc.
You kill the orc!
Cheibriados appreciates the change of pace.
Cheibriados raises the support of your attributes as your movement slows.
You block the orc's attack. The orc priest barely misses you.
The orc priest hits you with a trident!
* * * LOW HITPOINT WARNING * * *
Things that are here:
a falchion of protection; a beef jerky; an orc corpse You barely miss the orc priest.
You grab the orc priest. You constrict the orc priest.
The orc completely misses you.
You completely miss the orc priest.
The orc priest is lightly wounded.
You constrict the orc priest.
The orc priest invokes the aid of Beogh against you.
Pain shoots through your body!
You die...

...
....##............#.
#...
###.###..#..####....
...####.###..<.##
#..#..
#.............#
#..###.
#......####......# #.
#..#..## #...... ##
#....## #.......###.
##..))## #...........
#....o@##
#...........
....#....o##
....o##..... #..
##..#..##.....###....
## #(.##......o#
#...#.
#.......#..oo...####
......#.... .o..# .
......#...... .
.##...###...(## ##..
...##


You could see an orc priest and an orc.

Vanquished Creatures
  A centaur zombie (D:7)
  A hungry ghost (D:7)
  Duvessa (D:7)
  2 ogres (D:5)
  A phantom (D:7)
  4 orc warriors (D:7)
  A centaur (D:5)
  A giant frog (D:5)
  Dowan (D:7)
  2 scorpions
  A quasit (D:6)
  2 crimson imps
  A giant frog zombie (D:6)
  3 orc priests
  A centaur skeleton (D:7)
  A hound (D:5)
  An orc wizard (D:6)
  A giant frog skeleton (D:7)
  2 iguanas
  5 worker ants
  2 hound skeletons
  A worker ant zombie (D:7)
  7 adders
  3 shadow imps
  An ooze (D:5)
  20 orcs
  3 giant cockroaches
  6 goblins
  12 hobgoblins
  7 jackals
  8 kobolds
  A ball python (D:1)
  9 bats
  5 giant geckos
  4 giant newts
  4 rats
126 creatures vanquished.

Notes
Turn   | Place    | Note
--------------------------------------------------------------
     0 | D:1      | Jerry the Octopode Monk began the quest for the Orb.
     0 | D:1      | Reached XP level 1. HP: 16/16 MP: 1/1
   236 | D:1      | Reached XP level 2. HP: 21/21 MP: 2/2
   613 | D:1      | Reached XP level 3. HP: 26/26 MP: 3/3
   871 | D:2      | Found a basalt altar of Yredelemnul.
   885 | D:2      | Found a white marble altar of Elyvilon.
  1182 | D:2      | Reached skill level 1 in Shields
  1182 | D:2      | Reached XP level 4. HP: 26/31 MP: 4/4
  1415 | D:2      | Noticed Sigmund
  1706 | D:3      | Found a sacrificial altar of Ru.
  2428 | D:4      | Reached XP level 5. HP: 14/36 MP: 5/5
  2770 | D:4      | Found a staircase to the Ecumenical Temple.
  2775 | Temple   | Entered the Ecumenical Temple
  2815 | Temple   | Became a worshipper of Cheibriados the Contemplative
  2815 | Temple   | Reached * piety under Cheibriados
  2815 | Temple   | Reached ** piety under Cheibriados
  2877 | D:4      | Reached skill level 5 in Unarmed Combat
  2877 | D:4      | Reached skill level 1 in Invocations
  2880 | D:5      | Entered Level 5 of the Dungeon
  2912 | D:5      | Noticed an ogre
  2963 | D:5      | Reached XP level 6. HP: 42/42 MP: 5/7
  3309 | D:5      | Killed an ogre
  3486 | D:5      | Found an opulent altar of Gozag.
  3514 | D:5      | Noticed an ogre
  3521 | D:5      | Killed an ogre
  3521 | D:5      | Reached XP level 7. HP: 46/46 MP: 5/9
  3915 | D:5      | Found a glowing golden altar of the Shining One.
  4158 | D:5      | Found a shattered altar of Ashenzari.
  4433 | D:5      | Reached skill level 5 in Dodging
  4556 | D:6      | Found Qimety's Food Emporium.
  4841 | D:6      | Reached skill level 6 in Unarmed Combat
  4958 | D:6      | Reached *** piety under Cheibriados
  4996 | D:6      | Reached XP level 8. HP: 52/52 MP: 10/10
  5028 | D:6      | Found a sparkling altar of Nemelex Xobeh.
  5595 | D:7      | Noticed Duvessa
  5600 | D:7      | Noticed Dowan
  5600 | D:7      | Noticed a centaur zombie
  5608 | D:7      | Killed Duvessa
  5616 | D:7      | Killed a centaur zombie
  5616 | D:7      | Reached skill level 5 in Shields
  5616 | D:7      | Reached skill level 7 in Unarmed Combat
  5620 | D:7      | Killed Dowan
  5620 | D:7      | Reached XP level 9. HP: 21/56 MP: 6/11
  6110 | D:7      | Killed from afar by an orc priest

Action                   |  1- 3 |  4- 6 |  7- 9 || total
-------------------------+-------+-------+-------++-------
Melee: Unarmed           |    83 |    72 |   185 ||   340
Invok: Bend Time         |       |     2 |    15 ||    17
  Use: Scroll            |       |    10 |     8 ||    18
       Potion            |       |     2 |     2 ||     4
 Stab: Sleeping          |     9 |    11 |     5 ||    25
       Distracted        |       |       |     2 ||     2
  Eat: Chunk             |     1 |     6 |     6 ||    13
       Pizza             |       |       |     1 ||     1
